AoeStats
← Kanyaga

Arabia

508314540Analyzed
1v1 RM · 10d ago on Sep 21, 2026· 50m 13s· 2 players
Game mode
Random Map
Map size
Tiny (2 player)
Population
200
Speed
Normal
Resources
Standard
Victory
Conquest
Starting age
Dark Age
Ending age
Imperial Age
RankedLock teamsTeams togetherTeam positionsShared explorationLock speedFull tech treeHidden civsTurbo modeCheats
Victory
Defeat
🇹🇷 Hindustanis · Türkiye
1515
+16
🇩🇪 Armenians · Germany
1521
-16
Kanyaga
2:11 Loom
6:11 Loom
9:12 Feudal Age
9:41 Double-Bit Axe
10:25 Horse Collar
12:07 Man-at-Arms
14:26 Arson
15:56 Town Watch
21:11 Castle Age
20:14 Gold Mining
22:00 Wheelbarrow
22:31 Bow Saw
23:14 Heavy Plow
24:52 Scale Mail Armor
29:24 Gold Shaft Mining
30:02 Grand Trunk Road
30:48 Forging
31:36 Chain Mail Armor
31:19 Fletching
35:16 Imperial Age
35:08 Iron Casting
34:36 Squires
36:21 Conscription
36:35 Hand Cart
37:23 Two-Man Saw
36:05 Elite Ghulam
38:11 Blast Furnace
38:58 Shatagni
40:29 Chemistry
39:40 Masonry
39:32 Padded Archer Armor
40:57 Leather Archer Armor
43:13 Thumb Ring
43:41 Ring Archer Armor
43:17 Scale Barding Armor
43:55 Fletching
44:07 Town Patrol
45:47 Bodkin Arrow
48:39 Hoardings
48:26 Ballistics
48:03 Murder Holes
Lil Jon
7:02 Loom
9:50 Feudal Age
10:17 Double-Bit Axe
10:14 Horse Collar
14:42 Fletching
17:04 Gold Mining
21:49 Castle Age
21:24 Padded Archer Armor
21:58 Crossbowman
22:35 Bodkin Arrow
22:59 Bow Saw
29:48 Imperial Age
27:42 Ballistics
27:36 Town Watch
29:12 Stone Mining
30:31 Wheelbarrow
31:46 Chemistry
30:56 Bracer
31:47 Capped Ram
32:25 Man-at-Arms
33:05 Squires
37:21 Leather Archer Armor
37:36 Conscription
37:18 Siege Ram
38:17 Elite Composite Bowman
41:26 Ring Archer Armor
40:57 Scale Mail Armor
41:08 Forging
41:45 Hand Cart
43:17 Long Swordsman
43:42 Gambesons
44:15 Chain Mail Armor
44:08 Fereters
45:03 Iron Casting
44:12 Two-Handed Swordsman
46:25 Arbalester
47:15 Elite Skirmisher
Connection lost

Rejoining the realm…

Still unreachable

The connection could not be restored.

Session expired

The server has moved on; the page needs a fresh start.